 Dungeon Crawl Stone Soup version 0.31.0-1-g2c135a008e (webtiles) character file.

Game seed: 14612734238944182580

30 qw the Shooter (level 3, -4/29 HPs)
             Began as a Djinni Hunter on Jan 24, 2024.
             Slain by a gnoll
             ... wielding a +0 whip
              (6 damage)
             ... on level 2 of the Dungeon.
             The game lasted 00:00:02 (737 turns).

qw the Shooter (Djinni Hunter)                       Turns: 737, Time: 00:00:03

Health: -4/29      AC:  3    Str: 16    XL:     3   Next: 37%
Gold:   71         EV: 12    Int: 10    God:
                   SH:  0    Dex: 18

rFire   + + .        a - +0 shortbow
rCold   x . .        (shield currently unavailable)
rNeg    . . .        c - +0 leather armour
rPois   inf          (no helmet)
rElec   .            (no cloak)
rCorr   .            (no gloves)
SInv    .            (boots unavailable)
Will    .....        (no amulet)
Stlth   ++           d - +6 ring of strength
HPRegen 0.24/turn    (no ring)
MPRegen 0.00/turn

%: infuse magic (-5 HP)
@: flying
A: sickness immunity, fire resistance 2, cold vulnerability 1, float, innate
caster, HP casting, extra vitality 1
a: no special abilities


You were on level 2 of the Dungeon.
You visited 1 branch of the dungeon, and saw 2 of its levels.

You collected 71 gold pieces.


Innate Abilities, Weirdness & Mutations

You are immune to sickness and miasma.
You are immune to poison.
Your flesh is very heat resistant. (rF++)
You are vulnerable to cold. (rC-)
You float through the air rather than walking.
You learn spells naturally, not from books.
Your magical power is your life essence.
You have superior vitality. (+4 MHP)


   Skills:
 + Level 2.4 Fighting
 - Level 4.0 Ranged Weapons
 - Level 2.1 Dodging
 - Level 0.7 Stealth


You knew the following spells:

 Your Spells              Type           Power      Damage    Failure   Level
a - Foxfire               Conj/Fire      0%         2x1d4     43%         1
Your spell library was empty.

Inventory:

Hand Weapons
 a - a +0 shortbow (weapon)
Armour
 c - a +0 leather armour (worn)
Jewellery
 d - a +6 ring of strength (left hand)

Dungeon Overview and Level Annotations

Branches:
Dungeon (2/15)

Altars:
Xom


Message History

You fly downwards.
The bat barely misses you.
There is a stone staircase leading up here.
There are monsters nearby!
730 ||| RETREEEEATING.
A gnoll and a kobold come into view.
The gnoll shouts!
The bat closely misses you.
731 ||| RETREEEEATING.
The kobold shouts!
The bat barely misses you. The gnoll hits you with a +0 halberd!
A gnoll comes into view.
It is wielding a +0 club and quivering 2 throwing nets.
You shoot an arrow. The gnoll shouts! x2
The arrow hits the gnoll.
The gnoll is lightly wounded.
The adder bites you. The gnoll hits you with a +0 halberd.
The bat barely misses you. The adder barely misses you.
You shoot an arrow.
The arrow hits the gnoll but does no damage.
The gnoll is lightly wounded.
The bat barely misses you. The gnoll closely misses you. The adder bites you.
The gnoll hits you with a +0 halberd. The adder barely misses you.
You shoot an arrow. The arrow hits the gnoll!
The gnoll is severely wounded.
The bat hits you but does no damage. The bat hits you.
The adder closely misses you. The gnoll barely misses you.
The bat closely misses you.
You shoot an arrow. The arrow hits the gnoll.
You kill the gnoll!
The bat hits you but does no damage. The adder closely misses you.
The adder bites you but does no damage.
You shoot an arrow.
The arrow hits the gnoll but does no damage.
The bat hits you but does no damage. The gnoll hits you with a +0 whip.
The adder bites you but does no damage.
You shoot an arrow.
The arrow hits the gnoll but does no damage.
The bat hits you but does no damage. The adder bites you.
The gnoll hits you with a +0 whip.
You die...

# ## .. .# #. ##.#
###..###?. ...
....# ## #.. #..#
..
#.#...#$<###g###.#
.........S@gKg....
#.#.....b.###.##.#
#.._..### #.....#
#.....# ####...
#.>. #...


You could see 3 gnolls, an adder, a bat and a kobold.

Vanquished Creatures
  A gnoll (D:2)
  A dart slug (D:1)
  A ball python (D:1)
  A goblin (D:1)
  3 hobgoblins (D:1)
  4 jackals (D:1)
  A quokka (D:1)
  3 bats (D:1)
  2 kobolds (D:1)
  A rat (D:1)
18 creatures vanquished.

Notes
Turn   | Place    | Note
-------+----------+-------------------------------------------
     0 | D:1      | qw the Djinni Hunter began the quest for the Orb.
     0 | D:1      | Reached XP level 1. HP: 18/18 MP: 0/0
     0 | D:1      | 0 ||| qw: Version: 0.3-a-136-gdd3b4e8
     0 | D:1      | 0 ||| qw: Game counter: 1242
     0 | D:1      | 0 ||| qw: Melee chars always use a shield: true
     0 | D:1      | 0 ||| qw: God list: Okawaru
     0 | D:1      | 0 ||| qw: Allow faded altars: false
     0 | D:1      | 0 ||| qw: Do Orc after clearing Dungeon:15 true
     0 | D:1      | 0 ||| qw: Do second Lair branch before Depths: true
     0 | D:1      | 0 ||| qw: Lair rune preference: random
     0 | D:1      | 0 ||| qw: Goals: Normal
     0 | D:1      | 0 ||| PLANNING D:1-11
   111 | D:1      | 111 ||| RETREEEEATING.
   117 | D:1      | 117 ||| RETREEEEATING.
   120 | D:1      | Reached XP level 2. HP: 23/23 MP: 0/0
   680 | D:1      | 680 ||| UPGRADING to +6 ring of strength.
   681 | D:1      | 681 ||| READING scroll labelled GUIMUOPPEPS.
   682 | D:1      | 682 ||| DROPPING scroll of butterflies.
   690 | D:2      | Found a shimmering altar of Xom.
   691 | D:2      | 691 ||| STAIRDANCE
   695 | D:2      | 695 ||| RETREEEEATING.
   697 | D:2      | 697 ||| RETREEEEATING.
   698 | D:2      | 698 ||| STAIRDANCE
   708 | D:1      | Reached XP level 3. HP: 27/28 MP: 0/0
   708 | D:1      | Learned a level 1 spell: Foxfire
   711 | D:2      | 711 ||| STAIRDANCE
   718 | D:1      | Reached skill level 4 in Ranged Weapons
   730 | D:2      | 730 ||| RETREEEEATING.
   731 | D:2      | 731 ||| RETREEEEATING.
   733 | D:2      | HP: 7/28 [gnoll/+0 halberd (6)]
   736 | D:2      | HP: 3/29 [gnoll/+0 whip (4)]
   737 | D:2      | Slain by a gnoll

Levels and vault maps discovered:
D:1:      heliophobic_arrival_glass_houses, layout_basic
D:2:      layout_loops_cross, basic_altar

Skill      XL: |  1  2  3 |
---------------+----------+-----
Ranged Weapons | 4 |  4.0
Fighting       | |  2.4
Dodging        | |  2.1
Stealth        | |  0.7

Action                     || total
---------------------------++-------
   Fire: Shortbow          ||    72
    Use: Scroll            ||     1
 Armour: Leather armour    ||    54
  Dodge: Dodged            ||    71

Table legend:
 A = Non-vault XP
 B = Vault XP
 C = Vault XP percentage of total XP
 D = Non-vault monster count
 E = Vault monster count
 F = Vault count percentage of total count
                 A         B        C        D         E       F
            +---------+---------+-------+---------+---------+-------
      Total |      44 |       0 |   0.0 |      18 |       0 |   0.0
            +---------+---------+-------+---------+---------+-------
        D:1 |      30 |       0 |   0.0 |      17 |       0 |   0.0
        D:2 |      14 |       0 |   0.0 |       1 |       0 |   0.0
            +---------+---------+-------+---------+---------+-------
